 Dungeon Crawl Stone Soup version 0.21.1-1-g345015f (webtiles) character file.

63 EuclidGuy the Digger (level 3, -4/32 HPs)
             Began as a Troll Earth Elementalist on July 5, 2018.
             Slain by a sky beast (6 damage)
             ... on level 2 of the Dungeon.
             The game lasted 00:19:02 (1859 turns).

EuclidGuy the Digger (Troll Earth Elementalist)     Turns: 1859, Time: 00:19:03

Health: -4/32      AC:  5    Str: 16    XL:     3   Next: 87%
Magic:  3/4        EV: 10    Int: 12    God:
Gold:   81         SH:  0    Dex: 10    Spells: 4/5 levels left

rFire    . . .     SeeInvis .   f - +0 short sword (curse)
rCold    . . .     Gourm    +   (no shield)
rNeg     . . .     Faith    .   i - +0 robe
rPois    .         Spirit   .   (helmet restricted)
rElec    .         Reflect  .   (no cloak)
rCorr    .         Harm     .   (gloves unavailable)
MR       .....                  (boots unavailable)
Stlth    +.........             (no amulet)
HPRegen  0.50/turn              (no ring)
MPRegen  0.09/turn              (no ring)

@: no status effects
A: large, unfitting armour, claws 3, fast metabolism 3, gourmand, regeneration
1, shaggy fur 1, tough skin 2
a: no special abilities


You were on level 2 of the Dungeon.
You were not hungry.

You visited 1 branch of the dungeon, and saw 2 of its levels.

You collected 81 gold pieces.

Inventory:

Hand Weapons
 f - a cursed +0 short sword (weapon)
Missiles
 b - 14 stones (quivered)
Armour
 c - a +0 robe
 g - a +0 buckler
 i - a +0 robe (worn)
 k - a +0 pair of boots
Scrolls
 h - a scroll of immolation {unknown}
 j - a scroll of enchant armour {unknown}
 l - a scroll of remove curse {unknown}
 m - 2 scrolls of identify {unknown}
 o - a scroll of noise {unknown}
 q - a scroll of fear {unknown}
 s - 2 scrolls of amnesia {unknown}
 t - a scroll of teleportation {unknown}
Potions
 a - 2 potions of ambrosia {unknown}
 n - a potion of agility {unknown}
 p - 2 potions of curing {unknown}
Books
 e - a book of Geomancy

   Spells                             Type                      Level
   a - Sandblast                      Earth                        1
   b - Passwall                       Transmutation/Earth          2
   c - Stone Arrow                    Conjuration/Earth            3
   d - Petrify                        Transmutation/Earth          4
   e - Lee's Rapid Deconstruction     Earth                        5
Comestibles
 d - 2 rations


   Skills:
 * Level 0.3 Fighting
 + Level 1.9 Dodging
 + Level 1.0 Stealth
 + Level 1.5 Spellcasting
   Level 0.6 Transmutations
 * Level 3.8 Earth Magic


You had 4 spell levels left.
You knew the following spells:

 Your Spells              Type           Power        Failure   Level  Hunger
a - Sandblast             Erth           ##....       6%          1    ##.....


Dungeon Overview and Level Annotations

Branches:
Dungeon (2/15)

Altars:


Innate Abilities, Weirdness & Mutations

You are too large for most types of armour.
You have claws for hands.
Your metabolism is lightning-fast.
You like to eat raw meat.
Your natural rate of healing is unusually fast.
You are covered in fur. (AC +1)
You have very tough skin. (AC +2)


Message History

Reactivating autopickup.
The sky beast hits you but does no damage.
You hit the sky beast.
The sky beast is lightly wounded.
The sky beast flickers out of sight!
Deactivating autopickup; reactivate with Ctrl-A.
Something hits you. Something shocks you.
You miss something. Something hits you but does no damage.
You miss something. Something hits you but does no damage.
You closely miss something. Something hits you. Something shocks you.
You barely miss something. Something hits you.
* * * LOW HITPOINT WARNING * * *
Something shocks you.
* * * LOW HITPOINT WARNING * * *
You hit something. Something hits you but does no damage.
You hit something. Something hits you but does no damage.
You hit something. Something hits you.
* * * LOW HITPOINT WARNING * * *
Something shocks you.
You die...

#####.###.#
###.#.# #.# #.#
#.#####.#.#
#.####
##.###.........#
#....#
#............###
####.#
####..#########.#
#.# .)....# ###.#
#.# #####.# #...#
#.# #.#
#.###########.#
#.#
#..{@.........#
#.####
#.#############
#<...# #.# ####.#
#.# # #># #.#
########.# #.#
.........# #.#
####.##### #.#


There were no monsters in sight!

Vanquished Creatures
  2 adders (D:2)
  An ooze (D:2)
  A dart slug (D:2)
  2 ball pythons
  3 giant cockroaches
  2 goblins
  10 hobgoblins
  3 jackals (D:2)
  A quokka (D:2)
  3 bats (D:2)
  A frilled lizard (D:2)
  2 kobolds (D:1)
  2 rats
33 creatures vanquished.

Notes
Turn   | Place    | Note
-------+----------+-------------------------------------------
     0 | D:1      | EuclidGuy the Troll Earth Elementalist began the quest for the Orb.
     0 | D:1      | Reached XP level 1. HP: 16/16 MP: 1/1
   139 | D:1      | Reached skill level 3 in Earth Magic
   369 | D:1      | Reached XP level 2. HP: 24/24 MP: 2/2
  1342 | D:2      | Reached XP level 3. HP: 24/31 MP: 1/4
  1389 | D:2      | Noticed a sky beast
  1859 | D:2      | Slain by a sky beast

Skill      XL: |  1 |
---------------+----+-----
Earth Magic    | 3 |  3.8
Fighting       | |  0.3
Dodging        | |  1.9
Stealth        | |  1.0
Spellcasting   | |  1.5
Transmutations | |  0.6

Action                   || total
-------------------------++-------
Melee: Short sword       ||   100
       Unarmed           ||     1
Throw: Stone             ||     5
 Cast: Sandblast         ||    37
  Eat: Chunk             ||    14
       Ration            ||     1
Armor: Robe              ||    66
Dodge: Dodged            ||    86
